molly, chaotic female human Rogue ------- |.....| |.....| -------------- +.....| |.[.....I.....#########---.--- |.>..).[I....| ########### |.......I....| # # # ---------.- |............- # ### |.<.......+ -------------- ###..........| ###|.........+ ####...`......| ----------- molly the Cutpurse Experience level: 4 Strength: 14 Dexterity: 18 Constitution: 17 Intelligence: 9 Wisdom: 9 Charisma: 8 Health: 0(38) Energy: 17(17) Def: 7 Gold: 127 Moves: 1189 Dungeon seed: xxRtmfkewlHjXTMe Game ID: molly_1520472313 Your Inventory: Coins $ - 127 gold pieces Weapons a - an uncursed +0 dagger named Biter (weapon in hand) b - 13 uncursed +0 daggers (in quiver) r - 7 uncursed +0 shuriken s - 2 blessed +0 daggers t - an uncursed +0 war hammer u - an uncursed +0 elven dagger w - an uncursed +1 elven dagger Armor q - an uncursed +0 dwarvish cloak (being worn) y - a blessed +2 elven mithril-coat (being worn) z - an uncursed +0 dwarvish cloak Comestibles o - an uncursed lichen corpse p - an uncursed tripe ration Tools g - an uncursed blindfold k - an uncursed lock pick v - 4 uncursed tallow candles (0:200) B - an uncursed sack Gems n - an uncursed worthless piece of orange glass Contents of the sack: 55 gold pieces a blessed +0 short sword an uncursed scroll of teleportation an uncursed potion of sickness Spells and supernatural/magical abilities: Name Level Category Fail Memory W - pray for help -- divine ? -- Your skills at the end: Fighting Skills Weapon Skills dagger [Basic] short sword [Basic] Spellcasting Skills Final Attributes: You were piously aligned. You were stealthy. You are dead. Vanquished creatures: 2 gnome lords a kitten 2 dwarves 2 hobbits a large kobold 2 giant rats 7 gnomes 4 jackals a fox a kobold 3 lichens 4 newts 30 creatures vanquished. Voluntary challenges: You were an atheist. You used a wielded weapon 37 times, starting on turn 169. You read items or engraved 7 times, starting on turn 1008. You never genocided any monsters. You never polymorphed an object. You never changed form. You used no wishes. You never split a pudding. You wrote Elbereth's name 6 times, starting on turn 1008. You never violated your personal moral code. Dungeon overview: The Dungeons of Doom: levels 1 to 3 Level 1 a long staircase Level 2 a bookstore, a fountain, a sink Level 3 <- You were here stairs to The Gnomish Mines The Gnomish Mines: Level 4 stairs to The Dungeons of Doom History has recorded: On T:1 you entered the Dungeons of Doom to retrieve the Amulet of Yendor! On T:488 you reached level 2 of The Dungeons of Doom. On T:640 you advanced to experience level 2. On T:695 you reached level 3 of The Dungeons of Doom. On T:937 you reached level 1 of The Gnomish Mines. On T:970 you advanced to experience level 3. On T:990 you advanced to experience level 4. Score breakdown: Gold: 182 ( 7696 points) Experience: 4 levels ( 9649 points) Exploration: 4 levels ( 8.33%) ( 7579 points) Discoveries: 0 items ( 0.00%) ( 0 points) Valuables value: (no points given unless you survive) Artifact value: 0 ( 0 points) Variety of kills: 12 monsters ( 3.15%) ( 5324 points) Turncount: 1189 turns ( 0 points) Survival: died (score multiplied by 80%) Total score: 24198 Latest messages: You feel hemmed in. Something is written here in the dust. You read: "? |??e h". Something is written here in the dust. You read: "Elbere?nElbereth?9berethE|bcreth". The jackal just misses! You kill the jackal! You see here a pair of hard shoes. Trouble bites the werejackal. The werejackal misses Trouble. Trouble bites the werejackal. You faint from lack of food. You have a sad feeling for a moment, then it passes. It just misses! It misses. It just misses! It bites! (2x) It misses. (2x) It hits! It bites! (2x) It hits! (2x) You die... Final status: Goodbye molly the Rogue, killed by a werejackal, while fainted from lack of food... You died in The Dungeons of Doom on dungeon level 3 with 24198 points, and 182 pieces of gold, after 1189 moves. You were level 4 with a maximum of 38 hit points when you died.